General information
			
			
        
        - name: BNet
 
        - type: Ladder team game (AT/RT)
 
        - host: Battle.net
 
        - saver: Gobiner
 
        
map: Highperch 
        - players: 6
 
        - length: 28:25
 
        - speed: Fast
 - version: 1.22 W3XP
 - replay type:  Public
 
» download(164 KB)
Players
        team 1 (loser) 
              
              
Example (
purple | 41 APM | 1168 actions | 28:19)
              
 2 Pandaren Brewmaster 
 1 Breath of Fire
 1 Drunken Brawler
 
                » actions 
                
                | Assign group hotkey | 4 |  | 
| Basic commands | 2 |  | 
| Build / train | 47 |  | 
| Enter build submenu | 11 |  | 
| Enter hero's abilities submenu | 2 |  | 
| Remove unit from queue | 6 |  | 
| Right click | 502 |  | 
| Select / deselect | 251 |  | 
| Select group hotkey | 292 |  | 
| Use ability | 51 |  | 
                1168 total
 » units 
                » buildings
                
                | Altar of Elders | 1 |  | 
| Moon Well | 2 |  | 
| Tree of Life | 2 |  | 
| Tree of Ages | 1 |  | 
| Ancient of Wind | 2 |  | 
                8 total
 » build order
                00:07 Altar of Elders
00:09 Moon Well
08:46 Tree of Life
14:22 Tree of Ages
16:45 Ancient of Wind
16:47 Ancient of Wind
18:42 Moon Well
23:35 Tree of Life
 
               
              
              
ULTRAN00B (
pink | 58 APM | 1658 actions | 28:22)
              
 3 Naga Sea Witch 
 2 Forked Lightning
 1 Frost Arrows
 1 Shadow Hunter 
 1 Hex
 
                » actions 
                
                | Basic commands | 14 |  | 
| Build / train | 68 |  | 
| ESC pressed | 1 |  | 
| Enter build submenu | 21 |  | 
| Enter hero's abilities submenu | 5 |  | 
| Remove unit from queue | 6 |  | 
| Right click | 1022 |  | 
| Select / deselect | 458 |  | 
| Use ability | 63 |  | 
                1658 total
 » units 
                
                | Peon | 9 |  | 
| Grunt | 13 |  | 
| Tauren | 10 |  | 
| Troll Witch Doctor | 2 |  | 
| Demolisher | 6 |  | 
| Spirit Walker | 1 |  | 
                41 total
 » upgrades
                
                | Berserker Strength | 1 |  | 
| Spirit Walker Training | 2 |  | 
| Witch Doctor Training | 2 |  | 
| Armor | 1 |  | 
| Melee Weapons | 1 |  | 
| Burning Oil | 1 |  | 
                8 total
 » buildings
                
                | Altar of Storms | 1 |  | 
| Orc Burrow | 9 |  | 
| Barracks | 2 |  | 
| Stronghold | 2 |  | 
| Voodoo Lounge | 1 |  | 
| Fortress | 1 |  | 
| War Mill | 1 |  | 
| Spirit Lodge | 2 |  | 
| Tauren Totem | 2 |  | 
                21 total
 » build order
                00:10 Altar of Storms
00:13 Orc Burrow
00:36 Barracks
01:40 Barracks
01:57 Orc Burrow
02:50 Orc Burrow
02:57 Orc Burrow
04:23 Orc Burrow
04:37 Stronghold
04:37 Stronghold
06:45 Orc Burrow
06:49 Orc Burrow
07:01 Voodoo Lounge
07:02 Fortress
07:29 War Mill
07:33 Spirit Lodge
08:28 Spirit Lodge
09:30 Tauren Totem
09:41 Tauren Totem
14:51 Orc Burrow
14:53 Orc Burrow
» items
                
                | Lesser Clarity Potion | 1 |  | 
| Scroll of Speed | 2 |  | 
| Healing Salve | 1 |  | 
                4 total
  
               
              
              
WestCoastComand (
red | 42 APM | 1188 actions | 28:23)
              
 3 Pandaren Brewmaster 
 1 Breath of Fire
 2 Drunken Brawler
 
                » actions 
                
                | Assign group hotkey | 2 |  | 
| Basic commands | 26 |  | 
| Build / train | 55 |  | 
| Enter build submenu | 18 |  | 
| Enter hero's abilities submenu | 3 |  | 
| Give item / drop item | 1 |  | 
| Remove unit from queue | 2 |  | 
| Right click | 548 |  | 
| Select / deselect | 443 |  | 
| Use ability | 90 |  | 
                1188 total
 » units 
                
                | Acolyte | 2 |  | 
| Ghoul | 5 |  | 
| Crypt Fiend | 13 |  | 
| Frost Wyrm | 9 |  | 
| Gargoyle | 1 |  | 
| Obsidian Statue | 4 |  | 
| Meatwagon | 1 |  | 
                35 total
 » upgrades
                
                | Backpack | 1 |  | 
| Web | 1 |  | 
| Creature Attack | 2 |  | 
| Creature Carapace | 2 |  | 
| Destroyer Form | 1 |  | 
| Freezing Breath | 1 |  | 
                8 total
 » buildings
                
                | Tomb of Relics | 1 |  | 
| Crypt | 2 |  | 
| Ziggurat | 9 |  | 
| Altar of Darkness | 1 |  | 
| Graveyard | 1 |  | 
| Halls of the Dead | 1 |  | 
| Spirit Tower | 1 |  | 
| Black Citadel | 1 |  | 
| Nerubian Tower | 1 |  | 
| Sacrificial Pit | 1 |  | 
| Boneyard | 2 |  | 
| Slaughterhouse | 1 |  | 
                22 total
 » build order
                00:12 Tomb of Relics
00:16 Crypt
00:33 Ziggurat
00:42 Altar of Darkness
01:26 Ziggurat
01:39 Graveyard
01:58 Crypt
02:49 Halls of the Dead
03:58 Ziggurat
04:10 Spirit Tower
05:05 Ziggurat
05:17 Black Citadel
05:20 Nerubian Tower
06:16 Sacrificial Pit
07:29 Ziggurat
07:53 Boneyard
09:20 Boneyard
09:22 Ziggurat
09:22 Ziggurat
10:48 Slaughterhouse
14:26 Ziggurat
15:32 Ziggurat
» items
                
                | Rod of Necromancy | 1 |  | 
| Dust of Appearance | 2 |  | 
| Circlet of Nobility | 1 |  | 
                4 total
  
               team 2 (winner) 
              
              
Blahsmack (
green | 42 APM | 1195 actions | 28:23)
              
 5 Blademaster 
 2 Wind Walk
 3 Critical Strike
 1 Goblin Tinker 
 1 Pocket Factory
 
                » actions 
                
                | Basic commands | 21 |  | 
| Build / train | 57 |  | 
| Enter build submenu | 42 |  | 
| Enter hero's abilities submenu | 6 |  | 
| Give item / drop item | 5 |  | 
| Right click | 723 |  | 
| Select / deselect | 232 |  | 
| Use ability | 109 |  | 
                1195 total
 » units 
                » upgrades
                
                | Liquid Fire | 1 |  | 
| Reinforced Defenses | 1 |  | 
                2 total
 » buildings
                
                | Altar of Storms | 1 |  | 
| Orc Burrow | 4 |  | 
| War Mill | 1 |  | 
| Watch Tower | 42 |  | 
| Voodoo Lounge | 1 |  | 
| Stronghold | 1 |  | 
| Great Hall | 1 |  | 
| Beastiary | 2 |  | 
| Fortress | 1 |  | 
                54 total
 » build order
                00:15 Altar of Storms
00:19 Orc Burrow
00:44 War Mill
02:01 Watch Tower
02:08 Orc Burrow
02:20 Voodoo Lounge
02:31 Watch Tower
03:38 Watch Tower
03:49 Orc Burrow
03:57 Orc Burrow
04:14 Watch Tower
04:23 Watch Tower
05:08 Watch Tower
05:09 Watch Tower
05:11 Watch Tower
05:12 Watch Tower
05:41 Watch Tower
06:05 Watch Tower
06:27 Stronghold
06:32 Watch Tower
06:33 Watch Tower
06:37 Watch Tower
07:49 Great Hall
07:56 Watch Tower
08:00 Watch Tower
08:01 Watch Tower
08:26 Watch Tower
09:55 Watch Tower
09:57 Watch Tower
10:03 Watch Tower
10:04 Watch Tower
10:12 Watch Tower
10:48 Beastiary
12:02 Fortress
12:14 Beastiary
13:15 Watch Tower
13:15 Watch Tower
13:16 Watch Tower
13:39 Watch Tower
13:43 Watch Tower
13:51 Watch Tower
13:53 Watch Tower
13:55 Watch Tower
14:27 Watch Tower
14:33 Watch Tower
14:37 Watch Tower
15:39 Watch Tower
16:31 Watch Tower
17:02 Watch Tower
17:08 Watch Tower
17:24 Watch Tower
18:34 Watch Tower
18:35 Watch Tower
18:37 Watch Tower
» items
                
                | Healing Salve | 3 |  | 
| Boots of Speed | 2 |  | 
| Staff of Teleportation | 2 |  | 
| Lesser Clarity Potion | 3 |  | 
| Potion of Healing | 2 |  | 
| Potion of Mana | 2 |  | 
| Orb of Lightning | 2 |  | 
| Tiny Great Hall | 1 |  | 
| Scroll of Town Portal | 1 |  | 
                18 total
  
               
              
              
Gobiner (
blue | 58 APM | 1650 actions | 28:25)
              
 7 Blademaster 
 3 Wind Walk
 3 Critical Strike
 1 Bladestorm
 
                » actions 
                
                | Assign group hotkey | 20 |  | 
| Basic commands | 14 |  | 
| Build / train | 96 |  | 
| ESC pressed | 2 |  | 
| Enter build submenu | 53 |  | 
| Enter hero's abilities submenu | 7 |  | 
| Give item / drop item | 9 |  | 
| Right click | 643 |  | 
| Select / deselect | 229 |  | 
| Select group hotkey | 395 |  | 
| Use ability | 182 |  | 
                1650 total
 » units 
                » upgrades
                
                | Ranged Weapons | 3 |  | 
| Reinforced Defenses | 1 |  | 
| Liquid Fire | 1 |  | 
| Spiked Barricades | 2 |  | 
| Armor | 3 |  | 
| War Drums Damage Increase | 1 |  | 
| Envenomed Spears | 1 |  | 
| Ensnare | 1 |  | 
| Pillage | 1 |  | 
| Backpack | 1 |  | 
                15 total
 » buildings
                
                | Altar of Storms | 1 |  | 
| Orc Burrow | 5 |  | 
| War Mill | 1 |  | 
| Watch Tower | 47 |  | 
| Voodoo Lounge | 1 |  | 
| Stronghold | 1 |  | 
| Great Hall | 1 |  | 
| Fortress | 1 |  | 
| Beastiary | 2 |  | 
                60 total
 » build order
                00:07 Altar of Storms
00:17 Orc Burrow
00:29 War Mill
01:41 Watch Tower
01:49 Voodoo Lounge
02:05 Orc Burrow
02:10 Orc Burrow
02:29 Watch Tower
03:00 Watch Tower
03:50 Watch Tower
03:54 Watch Tower
04:20 Stronghold
04:51 Watch Tower
04:55 Watch Tower
05:30 Great Hall
05:56 Watch Tower
06:19 Watch Tower
06:42 Fortress
06:46 Beastiary
06:51 Beastiary
07:03 Watch Tower
07:39 Watch Tower
07:48 Orc Burrow
07:49 Orc Burrow
08:25 Watch Tower
08:28 Watch Tower
10:44 Watch Tower
10:45 Watch Tower
11:52 Watch Tower
11:53 Watch Tower
12:56 Watch Tower
13:34 Watch Tower
13:40 Watch Tower
13:55 Watch Tower
13:57 Watch Tower
14:38 Watch Tower
14:39 Watch Tower
14:41 Watch Tower
14:42 Watch Tower
14:44 Watch Tower
14:45 Watch Tower
14:48 Watch Tower
15:04 Watch Tower
15:17 Watch Tower
15:28 Watch Tower
15:47 Watch Tower
16:05 Watch Tower
16:07 Watch Tower
17:07 Watch Tower
17:27 Watch Tower
23:20 Watch Tower
23:22 Watch Tower
24:00 Watch Tower
24:32 Watch Tower
24:36 Watch Tower
24:39 Watch Tower
24:41 Watch Tower
25:03 Watch Tower
25:06 Watch Tower
25:09 Watch Tower
» items
                
                | Lesser Clarity Potion | 10 |  | 
| Healing Salve | 5 |  | 
| Scroll of Speed | 1 |  | 
| Staff of Teleportation | 1 |  | 
| Orb of Lightning | 1 |  | 
| Potion of Mana | 1 |  | 
                19 total
  
               
              
              
TastyManCarpet (
orange | 108 APM | 3060 actions | 28:23)
              
 5 Archmage 
 3 Blizzard
 2 Brilliance Aura
 4 Mountain King 
 2 Storm Bolt
 2 Bash
 4 Paladin 
 2 Holy Light
 2 Divine Shield
 
                » actions 
                
                | Assign group hotkey | 20 |  | 
| Basic commands | 40 |  | 
| Build / train | 101 |  | 
| ESC pressed | 5 |  | 
| Enter build submenu | 33 |  | 
| Enter hero's abilities submenu | 14 |  | 
| Give item / drop item | 11 |  | 
| Right click | 1212 |  | 
| Select / deselect | 291 |  | 
| Select group hotkey | 1136 |  | 
| Use ability | 196 |  | 
                3060 total
 » units 
                
                | Peasant | 21 |  | 
| Sorceress | 2 |  | 
| Priest | 2 |  | 
                25 total
 » upgrades
                
                | Masonry | 3 |  | 
| Lumber Harvesting | 2 |  | 
| Magic Sentry | 1 |  | 
| Priest Training | 3 |  | 
| Sorceress Training | 2 |  | 
                11 total
 » buildings
                
                | Altar of Kings | 1 |  | 
| Farm | 9 |  | 
| Lumber Mill | 1 |  | 
| Scout Tower | 27 |  | 
| Arcane Tower | 11 |  | 
| Guard Tower | 12 |  | 
| Keep | 3 |  | 
| Arcane Vault | 2 |  | 
| Castle | 2 |  | 
| Arcane Sanctum | 1 |  | 
                69 total
 » build order
                00:07 Altar of Kings
00:14 Farm
00:39 Lumber Mill
00:49 Farm
01:59 Scout Tower
02:02 Scout Tower
02:24 Arcane Tower
02:29 Scout Tower
02:30 Arcane Tower
02:33 Scout Tower
03:57 Guard Tower
03:58 Guard Tower
04:02 Arcane Tower
04:06 Arcane Tower
04:12 Scout Tower
04:14 Scout Tower
04:53 Scout Tower
05:28 Keep
05:28 Keep
05:44 Scout Tower
05:49 Farm
05:52 Arcane Vault
06:00 Scout Tower
06:01 Guard Tower
06:36 Guard Tower
06:36 Guard Tower
06:37 Scout Tower
06:49 Scout Tower
06:50 Guard Tower
06:50 Guard Tower
07:52 Castle
07:53 Castle
08:27 Scout Tower
08:29 Scout Tower
08:33 Scout Tower
08:33 Scout Tower
08:42 Guard Tower
09:13 Guard Tower
09:16 Arcane Tower
09:37 Arcane Tower
10:58 Guard Tower
10:59 Farm
11:10 Arcane Vault
11:24 Arcane Sanctum
13:47 Scout Tower
13:48 Scout Tower
14:29 Scout Tower
14:29 Scout Tower
14:30 Scout Tower
14:30 Scout Tower
14:31 Scout Tower
14:31 Scout Tower
14:39 Arcane Tower
14:47 Arcane Tower
16:35 Arcane Tower
18:33 Farm
18:34 Farm
18:36 Farm
18:36 Farm
23:39 Scout Tower
23:40 Scout Tower
23:41 Scout Tower
23:41 Scout Tower
27:31 Guard Tower
» items
                
                | Staff of Teleportation | 3 |  | 
| Boots of Speed | 4 |  | 
| Healing Salve | 1 |  | 
| Scroll of Speed | 2 |  | 
| Staff of Sanctuary | 3 |  | 
| Orb of Lightning | 3 |  | 
| Circlet of Nobility | 3 |  | 
| Scroll of Town Portal | 1 |  | 
                20 total
  
                Chat log
          
(03:07 / All) TastyManCarpet: lmao
(03:23 / All) Blahsmack: noob rush?
(05:25 / Allies) TastyManCarpet: kk
(05:34 / Allies) TastyManCarpet: ill staff to u
(05:38 / Allies) TastyManCarpet: go there
(09:42 / All) TastyManCarpet: no towers there
(10:43 / All) TastyManCarpet: k
(10:44 / All) TastyManCarpet: gg
(10:46 / All) TastyManCarpet: 2ez
(22:41 / All) TastyManCarpet: do u guys usually lose this bad
(24:12 / All) TastyManCarpet: hi purple
(26:47 / All) TastyManCarpet: thanks for free exp pink
(27:04 / All) Example: itsok ur nub asses get stomped in other games
(27:09 / All) Blahsmack: lol
(27:14 / All) Gobiner: thanks for free win :)
(27:14 / All) TastyManCarpet: actually im really good at ddr
(27:28 / All) Blahsmack: Im good at two hand touch football
(27:38 / All) Example: being a faggot as well?
(27:46 / All) TastyManCarpet: excuse me
(27:48 / All) Gobiner: nah we let the experts do that (you)
(27:49 / All) TastyManCarpet: that was uncalled for
(28:00 / All) Blahsmack: why dont you come over here and say that to my towers
(28:03 / All) Blahsmack: oh wait you cant
(28:09 / All) Example: o wait u get fucked in other games
(28:13 / All) Example: i could give ashit but dont care
(28:18 / All) Gobiner: so leave
(28:20 / All) TastyManCarpet:  ?
(28:21 / All) Gobiner: bye noobs
(28:23 / All) Blahsmack: ahahaha